Map: Proxima Station LE

Players

xKawaiian - Winner!

  • Race: Terran Terran
  • League: Grandmaster
  • Spawn Location: 7:00

Lolebiv

  • Race: Zerg Zerg
  • League: Grandmaster
  • Spawn Location: 1:00

VOD

Have the link to the VOD?

Description

Time

  • Played on: March 22, 2017, 11:48 p.m.
  • Length: 31:05
Show
View Real Time Build Order
Export as new Build Order

xKawaiian Terran - Winner!

Build Orders: Command Center First (CC), Bio Tank 

Get SALT Encoding   

  12  0:00  SCV  
  13  0:13  SCV  
  14  0:18  Supply Depot  
  14  0:25  SCV  
  15  0:39  SCV  
  16  0:51  SCV  
  17  1:00  Command Center  
  17  1:05  SCV  
  17  1:09  Refinery  
  18  1:21  Barracks  
  18  1:23  SCV  
  19  1:36  SCV  
  20  1:48  SCV  
  21  2:08  Marine  
  22  2:09  Orbital Command  
  22  2:11  Factory  
  22  2:13  Orbital Command  
  22  2:24  Supply Depot  
  22  2:26  Marine  
  22  2:27  Refinery  
  23  2:35  SCV  
  24  2:38  SCV  
  24  2:42  Bunker  
  25  2:47  SCV  
  25  2:50  Marine  
  25  2:51  SCV  
  28  2:55  Widow Mine  
  28  2:56  Starport  
  30  3:00  SCV  
  30  3:04  SCV  
  32  3:09  Supply Depot  
  32  3:12  Barracks Reactor  
  32  3:14  SCV  
  32  3:18  SCV  
  34  3:28  SCV  
  34  3:33  Command Center  
  35  3:36  Viking  
  35  3:38  SCV  
  38  3:42  Factory Tech Lab  
  38  3:44  SCV  
  39  3:50  Marine x2  
  41  3:58  Barracks  
  41  3:59  SCV  
  41  4:00  SCV  
  43  4:02  Barracks  
  43  4:12  Factory Tech Lab  
  43  4:19  Starport Reactor, Marine x2  
  43  4:21  SCV  
  43  4:22  Engineering Bay, SCV  
  43  4:24  Engineering Bay  
  47  4:31  Refinery x2  
  47  4:33  SCV  
  47  4:34  SCV  
  47  4:37  Marine x2  
  47  4:38  Factory Reactor  
  51  4:39  Liberator  
  51  4:45  SCV  
  52  4:46  Orbital Command  
  52  4:53  Terran Infantry Armor Level 1, Terran Infantry Weapons Level 1  
  52  4:57  Marine  
  52  4:58  Marine  
  52  4:59  Marine  
  58  5:02  SCV  
  59  5:08  SCV  
  59  5:14  Orbital Command, SCV  
  61  5:19  Stimpack, Marine x2  
  61  5:20  SCV  
  65  5:27  SCV  
  65  5:30  Siege Tank, Marine  
  65  5:33  Supply Depot  
  65  5:34  Supply Depot  
  69  5:50  Barracks x2, Armory  
  69  5:54  Marine  
  69  5:55  Medivac x2, SCV  
  69  5:56  Supply Depot  
  75  5:58  Marine x2  
  75  6:01  SCV x2  
  75  6:02  Siege Tank  
  82  6:07  Marine x2, SCV  
  85  6:17  Marine x3, SCV x2  
  90  6:21  SCV  
  90  6:25  Marine x2  
  93  6:29  Supply Depot  
  93  6:30  Supply Depot  
  93  6:38  Barracks Reactor  
  93  6:39  Barracks Reactor  
  93  6:45  Factory, Supply Depot  
  93  6:47  Supply Depot  
  93  6:51  Medivac x2, SCV x3  
  93  6:52  Marine x2, Terran Vehicle Weapons Level 1  
  93  6:53  Marine  
  93  6:54  Marine  
  104  7:03  SCV x3  
  104  7:06  Supply Depot  
  104  7:07  Supply Depot  
  107  7:08  Marine  
  107  7:10  Marine  
  107  7:15  Siege Tank, Marine x3, SCV  
  114  7:20  Combat Shields  
  114  7:22  Marine  
  117  7:23  Medivac  
  117  7:26  SCV x2  
  117  7:27  Marauder, Supply Depot  
  123  7:34  Marine  
  123  7:35  Factory Tech Lab  
  124  7:39  SCV x2  
  124  7:42  Marine  
  124  7:43  Marine x4  
  124  7:44  Terran Infantry Weapons Level 2  
  131  7:47  Siege Tank, Marine  
  131  7:48  Marauder  
  131  7:49  SCV  
  131  7:51  Refinery, SCV  
  138  7:52  Refinery, Supply Depot  
  135  8:02  Marine  
  135  8:03  SCV x3  
  139  8:07  Siege Tank  
  139  8:11  Marine x3  
  139  8:12  Barracks  
  145  8:13  Barracks  
  145  8:19  Siege Tank  
  145  8:20  Medivac, Marine  
  145  8:21  Marauder  
  145  8:26  Medivac, Marine  
  152  8:28  Supply Depot  
  152  8:30  Marine x3  
  152  8:31  Supply Depot  
  156  8:35  Marine  
  156  8:40  Supply Depot, Terran Infantry Armor Level 2  
  157  8:49  Terran Vehicle Weapons Level 2, Marine x3  
  157  8:50  Supply Depot  
  157  8:51  Marine  
  157  8:52  Supply Depot  
  161  8:57  Marine, Supply Depot  
  161  8:58  Marine  
  161  9:00  Barracks Tech Lab x2, Supply Depot  
  159  9:14  Marine x2  
  159  9:15  Marauder  
  163  9:18  Marine x2  
  163  9:19  Marine  
  163  9:20  Medivac  
  163  9:23  Medivac  
  170  9:24  Marine x2  
  172  9:32  Marine, Marauder  
  172  9:33  Siege Tank, Marine  
  172  9:35  Marine  
  172  9:36  Marauder  
  182  9:39  Command Center  
  182  9:40  Supply Depot  
  182  9:46  Marine x2, Marauder  
  182  9:50  Medivac  
  182  9:52  Siege Tank, Marine  
  190  9:53  Medivac  
  190  9:54  Marauder  
  193  10:03  Marine  
  191  10:07  Marine  
  191  10:08  Marauder  
  191  10:13  Marine, Marauder  
  191  10:14  Siege Tank  
  198  10:16  Marine  
  198  10:17  Marine  
  198  10:20  Terran Infantry Weapons Level 3  
  192  10:29  Marine  
  192  10:30  Marine  
  192  10:31  Marine x2  
  192  10:34  SCV x2  
  192  10:35  SCV  
  198  10:41  Marine x2  
  198  10:42  Medivac  
  198  10:46  SCV  
  198  10:47  Siege Tank, SCV x2  
  198  10:49  Marine  
  198  10:51  Marine, Marauder  
  198  10:55  Marine x2  
  199  10:59  SCV  
  200  11:08  Planetary Fortress  
  200  11:10  Missile Turret x2  
  200  11:11  Marine x2  
  200  11:12  Missile Turret  
  200  11:22  Viking  
  200  11:28  Viking  
  174  11:33  Terran Infantry Armor Level 3  
  174  11:34  Starport  
  174  11:35  Starport  
  174  11:36  Armory  
  161  11:40  Marine x11  
  170  11:52  Viking  
  161  11:57  Marine  
  161  11:58  Marine, Viking  
  160  12:01  Terran Ship Weapons Level 1  
  160  12:02  Marine, Marauder  
  160  12:05  Marine x3  
  160  12:06  Marauder x2  
  168  12:12  Marine, Viking  
  171  12:16  Viking  
  171  12:17  Marine x2  
  171  12:22  Refinery x2, Viking  
  177  12:24  Marauder  
  177  12:25  Command Center  
  179  12:32  Marine  
  179  12:33  Marine x7  
  187  12:40  Marine  
  187  12:41  Marine  
  189  12:45  Marine  
  189  12:50  Marine  
  189  12:51  Marine x7  
  195  12:55  Starport Reactor x2  
  196  12:58  Marine x2  
  196  13:02  Marine  
  196  13:05  Hi-Sec Auto Tracking  
  188  13:08  Marine x3  
  188  13:09  Marine x2  
  193  13:13  Viking x2  
  193  13:14  Marine, Marauder  
  200  13:41  Planetary Fortress  
  200  13:56  Refinery x2  
  200  13:58  Missile Turret  
  200  14:01  Building Armor  
  190  14:10  Marine x4  
  190  14:11  Marine x4, Marauder  
  190  14:48  Marine  
  190  14:49  Marine x2  
  190  14:50  Terran Ship Weapons Level 2  
  187  15:05  Medivac  
  187  15:13  Marine, Viking x2  
  187  15:14  Marauder  
  194  15:20  Marine x2, Marauder x2  
  200  15:26  Command Center  
  200  15:28  Missile Turret  
  200  15:39  Marine x2  
  186  15:53  Marine x2, Marauder x2  
  186  15:55  Marine x2  
  186  15:56  Marine x2, Marauder  
  181  15:58  Viking  
  181  15:59  Viking  
  181  16:02  Marine, Viking x2  
  181  16:04  Marine  
  186  16:10  Marine  
  186  16:11  Marine  
  176  16:13  Marine  
  176  16:15  Marauder x2, SCV x2  
  176  16:16  Starport  
  176  16:17  Fusion Core, Marauder  
  162  16:30  Marine x4  
  162  16:31  Marine  
  158  16:33  Marine  
  158  16:35  Marine x2  
  158  16:36  Marauder x2  
  158  16:38  Planetary Fortress  
  158  16:39  Marauder, Missile Turret  
  157  16:48  Marine x4  
  157  16:49  Thor  
  157  16:50  Thor  
  173  16:57  Marauder x2  
  173  16:59  Starport Tech Lab  
  173  17:00  Marauder  
  179  17:03  Starport  
  179  17:06  Terran Vehicle And Ship Armor Level 1  
  179  17:10  Starport  
  179  17:12  Marine x3  
  182  17:18  Marine x2  
  182  17:19  Marine, Marauder x2  
  182  17:21  Marauder  
  182  17:22  Marine x2  
  189  17:24  Liberator  
  189  17:26  Refinery  
  189  17:27  Refinery  
  189  17:29  Advanced Ballistics  
  188  17:30  Marine x2  
  188  17:37  Marine x4  
  190  17:40  Marine, Marauder x2  
  190  17:42  Starport Tech Lab  
  200  17:47  Command Center  
  196  18:01  Marauder  
  196  18:02  Marauder  
  200  18:14  Starport Tech Lab  
  200  18:19  Medivac x2, Marine  
  199  18:20  Marine  
  200  18:39  Marine x2, Refinery, Missile Turret  
  200  18:40  Marauder x2, Missile Turret  
  200  18:41  Marine x6, Marauder  
  190  18:44  Refinery  
  190  18:48  Liberator x2  
  162  18:57  Marine x2  
  162  18:59  Marine  
  162  19:00  Marine x5, Terran Vehicle Weapons Level 3  
  162  19:01  Marauder x2  
  161  19:03  Marauder  
  161  19:04  Medivac x4  
  155  19:15  Marine x2  
  155  19:16  Planetary Fortress  
  147  19:17  Marine x3  
  147  19:18  Marine x3  
  147  19:20  Battlecruiser  
  147  19:21  Weapon Refit  
  147  19:22  Marauder  
  147  19:23  Marauder  
  165  19:24  Marauder  
  165  19:33  Marine  
  165  19:34  Marine  
  165  19:35  Medivac x4, Marine x2  
  165  19:36  Medivac  
  179  19:38  Marine x2  
  179  19:44  Marauder x2  
  187  19:45  Marauder  
  187  19:49  Marine  
  187  19:55  Marine x2  
  187  19:58  Viking x2  
  187  19:59  Terran Vehicle And Ship Armor Level 2  
  190  20:05  Marine, Marauder x2  
  196  20:07  Marauder  
  194  20:18  Marine  
  194  20:21  Marine x5  
  196  20:24  Liberator  
  196  20:27  Marauder  
  182  20:40  Viking  
  182  20:41  Marine x2, Battlecruiser  
  182  20:42  Marauder x2  
  199  20:49  Marine x5  
  200  21:10  Command Center  
  194  21:11  Marine x2  
  194  21:12  Marauder x2  
  194  21:13  Missile Turret  
  200  21:37  Terran Ship Weapons Level 3, Marine  
  200  21:38  Marauder  
  200  21:39  SCV  
  200  21:46  Marine  
  199  21:53  Marine  
  196  22:18  Marine, Marauder  
  196  22:20  Marine x3, Marauder  
  192  22:33  Marine, Marauder  
  192  22:35  Marine x3  
  192  22:36  Marine, Viking x2  
  195  22:38  Marine x2  
  195  22:39  Marine  
  195  22:40  Marauder  
  195  22:42  Marauder  
  199  22:51  Marine  
  184  22:52  Viking x2  
  184  22:53  Marine x3  
  184  22:54  Marine  
  184  22:55  Marine, Marauder  
  184  22:56  Marine x2, Planetary Fortress  
  190  23:01  Marauder  
  190  23:03  Marauder  
  188  23:09  Marine  
  188  23:10  Marine  
  188  23:11  Marine x3  
  177  23:15  Marine x2  
  177  23:16  Marauder  
  177  23:17  Marine  
  162  23:23  Marauder  
  162  23:25  Marauder  
  162  23:26  Marine  
  155  23:27  Battlecruiser, Viking x2  
  155  23:28  Marine x2, Battlecruiser  
  155  23:29  Marine x2  
  155  23:32  Marine  
  155  23:33  Marine  
  173  23:38  Marauder  
  173  23:39  Marine  
  173  23:40  Viking x2  
  177  23:44  Marine, Marauder  
  177  23:46  Marauder  
  182  23:48  Marine  
  182  23:49  Marine x2  
  182  23:51  Marine  
  185  23:55  Marine  
  185  23:59  Marauder  
  183  24:04  Marine  
  183  24:05  Marauder  
  183  24:07  Marauder  
  183  24:08  Medivac x2  
  192  24:11  Command Center  
  192  24:14  Missile Turret  
  186  24:20  Marauder  
  186  24:21  Marine x3  
  186  24:22  Marine  
  188  24:27  Marauder  
  188  24:29  Marauder  
  180  24:39  Supply Depot  
  180  24:42  Marauder  
  180  24:45  Marine x2  
  165  24:48  Marine x2, Marauder  
  165  24:50  Marauder  
  165  24:52  Viking  
  165  24:54  SCV  
  165  24:55  SCV  
  161  25:02  Supply Depot  
  161  25:03  Marauder  
  161  25:04  Marine x2  
  165  25:10  Marauder  
  165  25:11  Marauder  
  169  25:16  Marine  
  170  25:25  Marauder  
  170  25:26  Supply Depot  
  172  25:31  Marauder  
  172  25:33  Marauder  
  176  25:35  Planetary Fortress  
  176  25:39  Command Center  
  176  25:41  Command Center  
  176  25:46  Marauder  
  177  26:01  Medivac x2  
  177  26:02  Medivac x4  
  177  26:04  Marine x2, Marauder x2  
  189  26:05  Marine  
  190  26:21  Marine, Viking  
  190  26:22  Marauder  
  190  26:24  Marine x2  
  190  26:25  Medivac x2  
  186  26:26  Marauder x2  
  182  26:37  Marine  
  183  26:43  Marauder  
  185  26:47  Marine x2  
  185  26:48  Marauder x2  
  185  26:53  Marine, Refinery x2  
  182  26:55  Orbital Command x2  
  182  26:59  Viking x2  
  182  27:00  Viking  
  176  27:03  Marine  
  176  27:04  Marine x2, Marauder  
  173  27:09  Marauder x2  
  173  27:12  Viking x2  
  175  27:25  Marine  
  175  27:26  Marauder  
  175  27:27  Marine x2, Viking x2  
  177  27:31  Marauder x2  
  155  27:38  Marine x2  
  146  27:45  Marine x2  
  146  27:46  Medivac x3  
  146  27:47  Marauder  
  146  27:51  Marine x2, Viking x2  
  158  27:52  Marauder x2, Viking  
  168  27:58  Marine x2  
  168  27:59  Refinery  
  168  28:00  Refinery  
  170  28:09  Marauder  
  172  28:13  Marauder  
  172  28:14  Marauder  
  172  28:16  Marine x2  
  177  28:21  Unknown x2  
  177  28:25  Marine x2  
  174  28:27  Marine  
  174  28:30  Marauder  
  174  28:31  Viking x2  
  174  28:33  Marine x2, Viking  
  174  28:34  Marine x2  
  186  28:35  Marauder x2  
  191  28:44  Marine  
  188  28:51  Marauder  
  190  28:56  Marauder x2  
  190  28:58  Marine, Viking x2  
  198  29:13  Marine, Marauder, Viking x2  
  198  29:14  Marine x6  
  198  29:16  Marine  
  195  29:17  Marauder  
  195  29:18  Marauder  
  185  29:31  Marine x3  
  185  29:34  Marauder  
  185  29:36  Marine x2  
  185  29:37  Medivac x2, Marine  
  196  29:39  Marauder x2  
  199  29:56  Marauder  
  195  30:00  Marauder x2  
  195  30:02  Marine x2  
  195  30:05  SCV  
  195  30:06  Marine  
  188  30:14  Viking x2  
  188  30:15  Marine x2  
  188  30:17  Marauder  
  174  30:22  Marauder x2  
  174  30:25  Marine  
  161  30:30  Viking x2  
  161  30:31  Marine x4, Viking x2  
  161  30:32  Marine  
  169  30:38  Marauder  
  169  30:39  Marine x2  
  168  30:43  Marine, Marauder x2  
Show
View Real Time Build Order
Export as new Build Order

Lolebiv Zerg 

Build Orders: Hatch First 

Get SALT Encoding   

  12  0:01  Drone  
  13  0:14  Overlord  
  13  0:20  Drone  
  14  0:33  Drone x2  
  16  0:37  Drone  
  17  0:55  Hatchery  
  16  0:58  Drone  
  16  1:01  Drone  
  18  1:13  Spawning Pool  
  18  1:16  Drone  
  18  1:22  Drone  
  19  1:38  Drone  
  20  1:44  Hatchery  
  19  1:49  Drone  
  19  1:54  Drone  
  21  2:06  Queen  
  23  2:12  Queen  
  25  2:18  Zergling x2  
  25  2:21  Drone  
  25  2:22  Drone  
  28  2:29  Overlord  
  28  2:31  Overlord  
  28  2:47  Queen  
  30  2:52  Drone x4  
  30  2:53  Drone  
  30  2:58  Queen  
  37  3:07  Drone  
  37  3:08  Drone x4  
  42  3:16  Evolution Chamber  
  42  3:18  Evolution Chamber  
  40  3:20  Roach Warren  
  40  3:24  Drone x3  
  42  3:34  Drone x6  
  48  3:49  Overlord  
  48  3:50  Overlord  
  48  3:58  Extractor  
  48  3:59  Extractor  
  48  4:00  Drone x5, Extractor  
  48  4:02  Overlord, Extractor  
  49  4:03  Overlord  
  49  4:09  Drone x3  
  55  4:10  Drone x4  
  55  4:12  Extractor  
  55  4:14  Extractor  
  55  4:15  Overlord  
  53  4:22  Drone  
  53  4:23  Drone  
  55  4:35  Drone x8  
  63  4:45  Overlord  
  63  4:47  Lair  
  63  4:51  Drone  
  63  4:52  Drone x4  
  68  5:03  Zerg Ground Armor Level 1, Zerg Missile Weapons Level 1  
  68  5:07  Drone x2  
  68  5:08  Drone x2  
  68  5:09  Overlord x2, Drone x2  
  74  5:14  Overlord x2  
  74  5:23  Overlord x2  
  74  5:41  Roach x6  
  74  5:42  Roach x6  
  98  5:45  Glial Reconstitution  
  98  5:57  Roach x7  
  112  6:09  Roach x8  
  127  6:16  Ravager x3  
  129  6:33  Overlord  
  129  6:35  Drone  
  130  6:41  Overlord x2  
  130  6:51  Overlord  
  130  6:56  Drone  
  130  6:58  Evolution Chamber  
  130  7:03  Overlord x4  
  130  7:10  Spire  
  130  7:14  Infestation Pit  
  124  7:20  Roach x7  
  124  7:21  Roach x8  
  152  7:48  Drone x2  
  152  7:49  Drone x5  
  152  7:50  Drone  
  152  7:51  Drone x2  
  162  7:52  Hive  
  159  8:00  Hatchery  
  158  8:07  Ravager  
  157  8:24  Drone x2  
  159  8:29  Zerg Ground Armor Level 2  
  159  8:36  Queen x2  
  163  8:52  Hatchery  
  156  9:11  Drone x2  
  158  9:20  Greater Spire  
  158  9:24  Pathogen Glands  
  158  9:25  Burrow, Queen x2  
  162  9:33  Overlord x5  
  162  9:51  Extractor  
  155  9:53  Infestor x6, Extractor  
  156  10:18  Corruptor x7, Ravager  
  156  10:19  Corruptor  
  172  10:25  Roach Warren  
  157  10:31  Corruptor  
  155  10:36  Overseer  
  153  10:55  Brood Lord x5  
  153  10:56  Brood Lord  
  167  11:02  Queen x2  
  169  11:10  Brood Lord  
  169  11:11  Brood Lord  
  133  12:04  Zerg Missile Weapons Level 2  
  133  12:05  Hatchery  
  133  12:07  Zerg Flyer Armor Level 1  
  132  12:14  Queen x2  
  136  12:18  Infestor x3  
  136  12:21  Overlord  
  142  12:24  Extractor  
  141  12:37  Spore Crawler  
  141  12:38  Spore Crawler  
  139  12:50  Queen x2  
  143  12:54  Drone x3  
  143  12:55  Drone x3  
  145  13:23  Corruptor  
  145  13:24  Corruptor x3  
  153  13:28  Neural Parasite  
  153  13:32  Hatchery  
  152  13:38  Queen x2  
  156  14:08  Brood Lord x3  
  156  14:09  Brood Lord  
  164  14:12  Zerg Flyer Armor Level 2  
  163  15:02  Ravager x8  
  163  15:04  Zerg Missile Weapons Level 3  
  171  16:11  Extractor  
  170  16:19  Extractor  
  170  16:20  Drone x2  
  171  16:35  Adrenal Glands  
  171  16:40  Hatchery  
  170  16:54  Ultralisk Cavern  
  169  16:56  Evolution Chamber  
  169  16:57  Zerg Flyer Armor Level 3  
  169  16:58  Infestor x5  
  178  17:05  Extractor  
  178  17:06  Drone x3  
  178  17:07  Hatchery, Drone x3, Extractor  
  181  17:33  Overseer  
  181  17:36  Spore Crawler x2  
  179  17:38  Spore Crawler x2  
  179  17:39  Spore Crawler x2  
  175  17:57  Zerg Ground Armor Level 3, Zerg Melee Weapons Level 1  
  176  18:08  Metabolic Boost  
  158  19:26  Hatchery  
  157  19:49  Corruptor  
  157  19:50  Corruptor x3  
  165  19:54  Zerg Flyer Weapons Level 1  
  161  20:09  Queen x2  
  160  20:45  Queen  
  162  21:00  Hatchery  
  134  22:08  Zerg Flyer Weapons Level 2  
  105  23:23  Hatchery  
  105  23:26  Brood Lord  
  105  23:27  Brood Lord x2  
  111  23:28  Corruptor x6  
  118  23:56  Hatchery  
  109  24:58  Hatchery  
  108  25:03  Zergling x8  
  112  25:09  Ultralisk Cavern  
  111  25:17  Zergling x2  
  111  25:21  Zergling x16  
  117  25:22  Zergling x6  
  123  25:42  Zerg Melee Weapons Level 2  
  123  26:15  Hatchery  
  113  26:33  Extractor  
  113  26:38  Drone x3  
  106  27:21  Hatchery  
  89  27:38  Drone x6  
  95  27:52  Command Center  
  95  28:28  Extractor  
  95  28:32  Extractor  
  94  28:34  Zergling x14  
  94  28:35  Zergling x6  
  89  29:39  Spawning Pool  
  88  29:45  Hatchery  
Tags
 
Add a new tag
Caveats
  • Supply blocks, unpowered buildings, or Contaminate may cause inaccurate times.
  • Supply counts are checked every 10 seconds.